Unix NetHack Version 5.0.0-0 post-release - last build May 17 2026 04:57:42 (dc50c8380fa5e20985bfe3072449f57b8d9895ef,branch:main).

Game began 2026-05-17 22:23:57, ended 2026-05-17 22:39:25.

ArrBianca, lawful female dwarven Archeologist

                                                                       ---
                                                      ----             ..--
                                                       ..          ----...|
                                                       ..       ----......|
                                                      -..       |.........--
                                                      |..|      |..........|
                                                      |..---    --........--
                                                      |....      ----.....|
                                                      |...          |..----
                                                      |...-       ---..|
                                                      |...+  ---  |....|
                                                   .  |...|  |.|  |.----
                                                  --|--...----.----.|
                                                  |........|........|--    --
                                            |  ----.....#..|....--.--.| -- .--
                                            |........{....-|.................|
                                            -.... #....|..--..............| --
                                          ...   ......-|..@.....<........--
                                           -    --.--- -------.--..--.| .|
                                                 --          ------- -- --
ArrBianca the Field Worker  St:17 Dx:9 Co:12 In:15 Wi:15 Ch:9  Lawful
Dlvl:6  $:29 HP:0(37) Pw:9(9) AC:4  Xp:4 T:2516  Burdened Blind

Latest messages:
 You lash the dog.
 The dog bites!
 You lash the dog!
 The dog bites!
 The dog bites!
 The dog bites!
 The dog just misses!
 You miss the dog.
 The dog bites!
 You kill the dog!
 You hear crashing rock.
 You hear a door open.
 You hear someone cursing shoplifters.
 The giant ant bites!
 The giant ant bites!
 The giant ant bites!
 What do you want to drink? [impqJ or ?*] m
 You feel better.
 The giant ant bites!
 The giant ant bites!
 You miss the giant ant.
 The giant ant bites!
 The kobold throws a dart!
 You are hit by a dart.
 The giant ant bites!
 You miss the giant ant.
 The giant ant misses!
 The kobold throws a dart!
 The dart misses the giant ant.
 You are hit by a dart.
 The giant ant bites!
 The giant ant bites!
 You kill the giant ant!
 The raven bites!
 The raven misses!
 You lash the raven!
 The raven bites!
 The raven blinds you!
 Wait!  There's something there you can't see!
 It just misses!
 It misses!
 You attack thin air.
 You kill it!
 It bites!
 You miss it.
 It bites!
 It bites!
 You die...
 Do you want an account of creatures vanquished? [ynaq] (y) y
 Do you want to see your conduct and achievements? [ynq] (n) q

Inventory:
 Coins    ('$')
  $ - 29 gold pieces
 Weapons  (')')
  a - a +2 bullwhip (weapon in right hand)
 Armor    ('[')
  c - an uncursed +0 fedora (being worn)
  n - an uncursed -1 pair of levitation boots
  F - an uncursed +0 dwarvish mithril-coat (being worn)
  b - an uncursed +0 leather jacket
 Comestibles  ('%')
  w - an uncursed cream pie
  d - 5 uncursed food rations
  x - 5 uncursed homemade tins of jackal meat
  s - an uncursed homemade tin of newt meat
 Scrolls  ('?')
  C - an uncursed scroll of blank paper
  u - an uncursed scroll of identify
 Spellbooks  ('+')
  j - an uncursed spellbook of dig
  l - an uncursed spellbook of force bolt
 Potions  ('!')
  m - an uncursed potion of healing
  p - a cursed potion of healing
  q - an uncursed potion of monster detection
  J - a cursed potion of monster detection
  i - a potion of unholy water
 Rings    ('=')
  o - a cursed -2 ring of increase accuracy
  I - an uncursed ring of invisibility
  P - an uncursed ring of polymorph control
 Tools    ('(')
  h - an uncursed sack containing 2 items
  e - a +0 pick-axe (alternate weapon; not wielded)
  L - 4 uncursed partly used tallow candles
  v - an uncursed tin whistle
  N - an uncursed tin whistle
  f - a tinning kit (0:87)
 Gems/Stones  ('*')
  g - an uncursed touchstone

Contents of the sack:
  an uncursed black opal
  an uncursed fluorite stone

ArrBianca the Archeologist's attributes:

Background:
 You were a Field Worker, a level 4 female dwarven Archeologist.
 You were lawful, on a mission for Quetzalcoatl
 who was opposed by Camaxtli (neutral) and Huhetotl (chaotic).
 You were right-handed.
 You were in the Gnomish Mines, on level 6.
 You entered the dungeon 2516 turns ago.
 It was nighttime.
 There was a new moon in effect when your adventure ended.
 You had 115 experience points, 45 more were needed to attain level 5.

Basics:
 You had 0 out of 37 hit points.
 You had all 9 energy points (spell power).
 Your armor class was 4.
 Your wallet contained 29 zorkmids.
 Autopickup was on for '$?!/="+%' plus thrown, with exceptions.

Final Characteristics:
 Your strength was 17 (limit:18/100).
 Your dexterity was 9 (limit:20).
 Your constitution was 12 (limit:20).
 Your intelligence was 15 (limit:16).
 Your wisdom was 15 (limit:16).
 Your charisma was 9 (limit:16).

Final Status:
 You were temporarily blind.
 You weren't hungry.
 You were burdened; movement was slightly slowed.
 You were wielding a whip.
 You had basic skill with whip.

Final Attributes:
 You were piously aligned.
 You had automatic searching.
 You had infravision.
 You were guarded.
 You were lucky.
 You are dead.

Miscellaneous:
 You encountered 1 bones level.
 Total elapsed playing time was 15 minutes and 28 seconds.

Major events:
 Turn
    1: ArrBianca the lawful female dwarven Archeologist entered the dungeon
  756: entered the Gnomish Mines
 1492: attained the rank of Field Worker (level 3)
 2352: reached Mine Town
 2516: killed by a raven

You didn't know any spells.

Skills:
 Fighting Skills
   bare handed combat [Unskilled]
   two weapon combat  [Unskilled]
   riding             [Unskilled]
 Weapon Skills
   dagger             [Unskilled]
   knife              [Unskilled]
   pick-axe           [Basic]
   short sword        [Unskilled]
   saber              [Unskilled]
   club               [Unskilled]
   quarterstaff       [Unskilled]
   sling              [Unskilled]
   dart               [Unskilled]
   boomerang          [Unskilled]
   whip               [Basic]
   unicorn horn       [Unskilled]
 Spellcasting Skills
   attack spells      [Unskilled]
   healing spells     [Unskilled]
   divination spells  [Unskilled]
   matter spells      [Unskilled]

Voluntary challenges:
 Character rerolling was not enabled.
 You never had a pet.
 You never genocided any monsters.
 You never polymorphed an object.
 You never changed form.
 You used no wishes.
Achievements:
 You entered the Gnomish Mines.
 You attained the rank of Field Worker.
 You entered Minetown.

 The Dungeons of Doom: levels 1 to 2
    Level 1:
    Level 2:
       An altar to Quetzalcoatl.
       Stairs down to The Gnomish Mines.
 The Gnomish Mines: levels 3 to 6
    Level 3:
    Level 4:
    Level 5:
    Level 6: <- You were here.
       A fountain, some trees.
       Final resting place for
          you, killed by a raven,
          greengrass-Sam-Hum-Mal-Law, killed by a hallucinogen-distorted dwarf.


Vanquished creatures:
  a dog
  a giant ant
  3 dwarf zombies
 an iguana
 an acid blob
  a hobbit
  a hobgoblin
  a giant rat
  a brown mold
  2 gnomes
  2 gnome zombies
  3 geckos
  9 jackals
  a fox
  a kobold
  a goblin
  2 sewer rats
  4 grid bugs
  a lichen
  4 newts
41 creatures vanquished.

No species were genocided or became extinct.

Game over:
                       ----------
                      /          \
                     /    REST    \
                    /      IN      \
                   /     PEACE      \
                  /                  \
                  |    ArrBianca     |
                  |      29 Au       |
                  |   killed by a    |
                  |      raven       |
                  |                  |
                  |                  |
                  |       2026       |
                 *|     *  *  *      | *
        _________)/\\_//(\/(/\)/\//\/|_)_______

Goodbye ArrBianca the Archeologist...

You died in The Gnomish Mines on dungeon level 6 with 747 points,
and 29 pieces of gold, after 2516 moves.
You were level 4 with a maximum of 37 hit points when you died.

